 Dungeon Crawl Stone Soup version 0.30-a0-862-g1aabd4f9c5 (webtiles) character file.

Game seed: 6457957712473199558

3563 holysushi the Skirmisher (level 10, -6/65 HPs)
             Began as an Octopode Monk on Mar 9, 2023.
             Was an Initiate of Gozag.
             Mangled by a hornet (17 damage)
             ... on level 9 of the Dungeon on Mar 10, 2023.
             The game lasted 00:13:53 (10198 turns).

holysushi the Skirmisher (Octopode Monk)           Turns: 10198, Time: 00:13:54

Health: -6/65      AC:  1    Str: 11    XL:     10   Next: 9%
Magic:  10/10      EV: 16    Int: 13    God:    Gozag
Gold:   955        SH:  5    Dex: 18    Spells: 9/9 levels left

rFire   . . .      SeeInvis .    a - +3 shortbow (freeze)
rCold   . . .      Faith    .    (shield currently unavailable)
rNeg    . . .      Spirit   .    (helmet restricted)
rPois   .          Reflect  +    A - amulet of reflection
rElec   .          Rampage  .    (no ring)
rCorr   .                        (no ring)
Will    .....                    (no ring)
Stlth   +++                      (no ring)
HPRegen 0.30/turn                (no ring)
MPRegen 0.12/turn                (no ring)
                                 (no ring)
                                 (no ring)

@: slowed, very slow
A: almost no armour, amphibious, 8 rings, camouflage 1, gelatinous body 1,
(nimble swimmer 1), tentacles
a: Renounce Religion, Potion Petition, Call Merchant, Bribe Branch


You were on level 9 of the Dungeon.
You worshipped Gozag.
Gozag was pleased with you.
You visited 2 branches of the dungeon, and saw 10 of its levels.
You also visited: Ossuary.

You collected 1720 gold pieces.
You spent 318 gold pieces at shops.
You paid 447 gold pieces to Gozag.

Inventory:

Hand Weapons
 a - a +3 shortbow of freezing (weapon)
 b - a +0 short sword
 C - a +1 short sword of venom
Missiles
 m - 4 throwing nets
Jewellery
 i - a ring of ice
 j - a ring of fire
 A - an amulet of reflection (around mantle)
 F - an amulet of guardian spirit
Wands
 h - a wand of acid (4)
 D - a wand of polymorph (12)
Scrolls
 c - 7 scrolls of noise
 d - 2 scrolls of poison
 e - 3 scrolls of enchant armour
 o - a scroll of blinking
 r - 3 scrolls of immolation
 u - a scroll of magic mapping
 x - 2 scrolls of fog
 y - 2 scrolls of fear
Potions
 f - a potion of flight
 g - 2 potions of mutation
 k - 5 potions of brilliance
 l - a potion of curing
 n - 2 potions of resistance
 p - 3 potions of cancellation
 q - a potion of ambrosia
 s - a potion of might {unknown}
 t - 2 potions of lignification {unknown}
 v - a potion of haste {unknown}
 z - 4 potions of attraction {unknown}


   Skills:
 - Level 4.8 Fighting
 - Level 3.0 Short Blades
 + Level 12.1 Ranged Weapons
 + Level 6.4 Dodging
 - Level 2.6 Stealth
 - Level 2.0 Evocations


You had 9 spell levels left.
You didn't know any spells.
Your spell library contained the following spells:

 Spells                   Type           Power      Damage    Failure   Level
 Shock                    Conj/Air       0%         1d3       30%         1
 Sting                    Tmut/Pois      0%         1d3       30%         1
 Lesser Beckoning         Tloc           0%         N/A       43%         2
 Poisonous Vapours        Pois/Air       0%         N/A       43%         2
 Gell's Gravitas          Tloc           0%         N/A       67%         3
 Swiftness                Air            0%         N/A       67%         3
 Teleport Other           Tloc           0%         N/A       67%         3
 Airstrike                Air            0%         2d(0-16)  97%         4
 Anguish                  Hex/Necr       0%         N/A       97%         4
 Olgreb's Toxic Radiance  Pois           0%         N/A       97%         4
 Enfeeble                 Hex            0%         N/A       100%        7


Dungeon Overview and Level Annotations

Branches:
Dungeon (9/15) Zot: 25864  Temple (1/1) D:4 Zot: 5945 Ossuary (visited)
   Lair: D:8-11         Orc: D:9-12

Altars:
Ashenzari
Cheibriados
Dithmenos
Elyvilon
Fedhas
Gozag
Kikubaaqudgha
Makhleb
Nemelex Xobeh
Okawaru
Ru
Uskayaw
Vehumet
Wu Jian
Yredelemnul
Zin

Shops:
D:1 *(   D:7 (

Annotations:
D:5 exclusion: wyvern, Edmund
D:6 3 runed translucent doors, sirJeffrey23's ghost, novice OgMo
D:8 exclusions: door and 2 downstairs
D:9 Erolcha


Innate Abilities, Weirdness & Mutations

You cannot wear most types of armour.
You are amphibious.
You can wear up to eight rings at the same time.
Your skin changes colour to match your surroundings (Stealth+).
Your rubbery body absorbs attacks. (AC +1, EV +1)
((You are camouflaged when in or above water. (Stealth+)))
You have tentacles for arms and can constrict up to eight enemies at once.


Message History

You shoot an arrow. The arrow hits the hornet!
The arrow freezes the hornet.
The hornet is heavily wounded.
You shoot an arrow. The arrow hits the hornet!
The arrow freezes the hornet.
The hornet is severely wounded.
You shoot an arrow. The arrow barely misses the hornet.
You shoot an arrow. The arrow hits the hornet.
The arrow freezes the hornet.
The hornet is almost dead.
The hornet stings you.
You suddenly lose the ability to move!
The hornet stings you!
You feel yourself slow down.
You feel yourself speed up. The hornet stings you!
You feel yourself slow down.
You feel yourself speed up. The hornet stings you!
You feel yourself slow down. The hornet stings you.
* * * LOW HITPOINT WARNING * * *
You feel as though you will be slow longer.
You can move again.
You feel much better. You block the hornet's attack. The hornet stings you!
You are poisoned.
You feel as though you will be slow longer.
You shoot an arrow. The arrow hits the hornet.
The arrow freezes the hornet.
The hornet is almost dead.
You feel very sick. The hornet stings you!
* * * LOW HITPOINT WARNING * * *
You feel as though you will be slow longer.
You block the hornet's attack.
You shoot an arrow. The arrow hits the hornet.
The arrow freezes the hornet.
The hornet is almost dead.
You feel very sick. You block the hornet's attack. The hornet stings you.
* * * LOW HITPOINT WARNING * * *
You are lethally poisoned!
You feel as though you will be slow longer.
You feel better. You block the hornet's attack. x2
You shoot an arrow.
The arrow hits the hornet but does no damage.
The hornet is almost dead.
The hornet stings you!
You die...
Your body crumbles into a pile of gold.

.. #.# #.###.### ....
..# #..# #.#
######..###.######
#!......##...#...##
#..#####...........##
##. ##...........# ..
#..!$$.@....# .#
#..$..y.....# .#
####..........## .#
#........#...## .#
#.###.#..##### .# #
#...)# .# ##...# ....
#...# ...... #...#


You could see a hornet.

Vanquished Creatures
  Eustachio (D:4)
  A steam dragon (D:7)
  Menkaure (D:4)
  2 sky beasts (D:8)
  2 ice beasts (D:4)
  2 orc warriors
  2 centaurs
  3 kobold brigands
  4 bullfrogs
  3 scorpions
  9 wights
  5 killer bees
  A howler monkey (D:9)
  3 centaur zombies (Ossuary)
  5 human zombies
  3 orc priests
  2 jellies
  3 hounds
  A gnoll bouda (D:4)
  An iguana (D:5)
  Natasha (thrice) (D:4)
  8 orc wizards
  4 mummies (Ossuary)
  3 gnolls (D:4)
  5 adders
  2 shadow imps
  A white imp (D:5)
  2 ufetubi
  7 worms
  2 dart slugs (D:2)
  19 orcs
  6 ball pythons
  A bat (D:1)
  7 endoplasms
  2 giant cockroaches (D:1)
  5 goblins
  5 hobgoblins
  6 jackals (D:1)
  5 quokkas
  5 frilled lizards
  17 kobolds
  An orc zombie (Ossuary)
  5 rats
175 creatures vanquished.

Vanquished Creatures (others)
  A wyvern (D:7)
  4 fungi (D:1)
  6 plants
11 creatures vanquished.

Grand Total: 186 creatures vanquished

Notes
Turn   | Place    | Note
-------+----------+-------------------------------------------
     0 | D:1      | holysushi the Octopode Monk began the quest for the Orb.
     0 | D:1      | Reached XP level 1. HP: 16/16 MP: 1/1
    41 | D:1      | Reached XP level 2. HP: 12/21 MP: 2/2
   264 | D:1      | Found a faded altar of an unknown god.
   343 | D:1      | Reached XP level 3. HP: 23/27 MP: 3/3
   361 | D:1      | You fall into a shaft and drop 1 floor!
   668 | D:1      | Found Humesch's Weapon Emporium.
   688 | D:1      | Reached XP level 4. HP: 25/34 MP: 4/4
   728 | D:1      | Found Xeafoyt's Assorted Antiques.
   897 | D:1      | Identified a scroll of acquirement
   897 | D:1      | Acquired 1000 gold pieces
   955 | D:1      | Bought a +2 shortbow of freezing for 243 gold pieces
   963 | D:1      | Bought a sapphire ring for 75 gold pieces
  1778 | D:3      | Reached skill level 1 in Ranged Weapons
  2378 | D:4      | Reached skill level 2 in Ranged Weapons
  2401 | D:4      | Reached XP level 5. HP: 23/38 MP: 5/5
  2653 | D:4      | Reached skill level 3 in Ranged Weapons
  2824 | D:4      | Noticed Eustachio
  2838 | D:4      | Killed Eustachio
  2839 | D:4      | Reached skill level 4 in Ranged Weapons
  2839 | D:4      | Reached XP level 6. HP: 26/45 MP: 6/6
  2949 | D:4      | Reached skill level 5 in Ranged Weapons
  3025 | D:4      | Found a staircase to the Ecumenical Temple.
  3083 | Temple   | Entered the Ecumenical Temple
  3277 | D:4      | Noticed Menkaure
  3284 | D:4      | Killed Menkaure
  3285 | D:4      | Reached XP level 7. HP: 49/49 MP: 7/7
  3311 | D:4      | Reached skill level 6 in Ranged Weapons
  3313 | D:4      | Found a radiant altar of Vehumet.
  3319 | D:4      | Noticed Natasha
  3322 | D:4      | Killed Natasha
  3551 | D:4      | Noticed Natasha
  3555 | D:4      | Killed Natasha
  3849 | D:4      | Noticed Natasha
  3851 | D:4      | Killed Natasha
  3943 | D:5      | Entered Level 5 of the Dungeon
  3946 | D:5      | Found a broken altar of Ashenzari.
  3954 | D:5      | Reached skill level 7 in Ranged Weapons
  3974 | D:5      | Noticed Edmund
  4229 | D:4      | Reached XP level 8. HP: 15/54 MP: 8/8
  4396 | D:5      | Reached skill level 8 in Ranged Weapons
  4396 | D:5      | Reached skill level 1 in Evocations
  4400 | D:5      | Noticed a wyvern
  4897 | D:6      | Found a runed translucent gate.
  4897 | D:6      | Found a runed translucent gate.
  4897 | D:6      | Found a runed translucent gate.
  4941 | D:6      | Found a sand-covered staircase.
  4947 | Ossuary  | Entered an ossuary
  4988 | Ossuary  | Reached skill level 9 in Ranged Weapons
  5566 | D:6      | Noticed sirJeffrey23's ghost (novice OgMo)
  5567 | D:6      | Noticed a brown ugly thing
  5957 | D:6      | Reached XP level 9. HP: 39/60 MP: 9/9
  6364 | D:7      | Reached skill level 10 in Ranged Weapons
  7243 | D:7      | Reached skill level 11 in Ranged Weapons
  7468 | D:7      | Found an opulent altar of Gozag.
  7468 | D:7      | Found a glowing silver altar of Zin.
  7546 | D:7      | Became a worshipper of Gozag Ym Sagoz the Greedy
  8367 | D:8      | Reached skill level 5 in Dodging
  8636 | D:8      | Found an ancient bone altar of Kikubaaqudgha.
  8745 | D:8      | Found a burning altar of Makhleb.
  9061 | D:9      | Noticed a two-headed ogre
  9244 | D:9      | Noticed Erolcha
  9749 | D:9      | Noticed a two-headed ogre
 10026 | D:9      | Reached XP level 10. HP: 63/65 MP: 10/10
 10140 | D:8      | Reached skill level 12 in Ranged Weapons
 10191 | D:9      | Paralysed by a hornet for 2 turns
 10198 | D:9      | Mangled by a hornet

Illustrated notes

Levels and vault maps discovered:
D:1:      wander_arrival_estate, layout_rooms,
          shapermc_ecumenical_altar_mp_urbaneastern, serial_shops, shop,
          nicolae_shop_advertising_works [nicolae_subvault_shop_adworks]
D:2:      layout_basic
D:3:      layout_loops_corners, nicolae_wormholes
D:4:      layout_layer_cave, vehumet_crystals, minmay_temple_entry_tees,
          serial_glass, glass_columns_b, glass_columns_a, uniq_natasha,
          uniq_menkaure, uniq_eustachio
D:5:      layout_cave_pools, ashenzari_altar_1, uniq_edmund
D:6:      layout_gridville, nicolae_ossuary_entry_plus, gammafunk_ghost_split,
          item_on_display_a
D:7:      layout_rooms, grunt_temple_overflow_gold_and_silver, minivault_23,
          item_on_display_a
D:8:      layout_basic, mainiacjoe_overflow_paths,
          lemuel_mausoleum_altar_kikubaaqudgha, minmay_misc_feat_pillars,
          hangedman_abyss_or_decor_stabs
D:9:      layout_rooms, minitemple, erik_orc_1, serial_bayou_crossing,
          uniq_maurice, uniq_erolcha
Temple:   nicolae_temple_ecumenical_triangle

Skill      XL: |  1  2  3  4  5  6  7  8  9 10 |
---------------+-------------------------------+-----
Fighting       | 4 |  4.8
Ranged Weapons | 2 4 5 7 9 11 12 | 12.1
Evocations     | 2 |  2.0
Dodging        | 6 |  6.4
Short Blades   | |  3.0
Stealth        | |  2.6

Action                     |  1- 3 |  4- 6 |  7- 9 | 10-12 || total
---------------------------+-------+-------+-------+-------++-------
  Melee: Short sword       |    91 |     6 |     1 |       ||    98
         Tentacles         |    23 |     1 |       |       ||    24
         Constrict         |    22 |     1 |       |       ||    23
         Punch             |     1 |       |       |       ||     1
   Fire: Shortbow          |       |   121 |   439 |    34 ||   594
 Invoke: Call Merchant     |       |       |     1 |       ||     1
  Evoke: Wand              |       |       |     5 |       ||     5
    Use: Scroll            |       |     7 |    13 |       ||    20
         Potion            |       |     1 |     6 |     2 ||     9
   Stab: Sleeping          |     3 |     1 |       |       ||     4
 Armour: Skin              |     3 |     3 |    13 |     1 ||    20
  Dodge: Dodged            |    74 |    28 |   147 |     6 ||   255
  Block: Other             |       |       |       |     6 ||     6
         Reflection        |       |       |       |     1 ||     1

Table legend: (Time is in decaauts)
 A = Elapsed time spent in this place.
 B = Non-inter-level travel time spent in this place.
 C = Inter-level travel time spent in this place.
 D = Time resting spent in this place.
 E = Time spent auto-exploring this place.
 F = Levels seen in this place.
 G = Mean time per level.
                   A        B        C        D        E       F      G
               +--------+--------+--------+--------+--------+-----+--------+
         Total |  10247 |   9646 |    601 |   2298 |   5310 |  11 |  931.5 |
       Dungeon |   9737 |   9146 |    591 |   2182 |   5094 |   9 | 1081.9 |
        Temple |     54 |     45 |      9 |      0 |     35 |   1 |   54.0 |
       Ossuary |    455 |    455 |      0 |    116 |    181 |   1 |  455.0 |
               +--------+--------+--------+--------+--------+-----+--------+

Top non-repeatable levels by time:
     D:4: 2109 daAuts
     D:6: 1487 daAuts
     D:7: 1383 daAuts
     D:8: 1328 daAuts
     D:9: 898 daAuts
     D:3: 840 daAuts
     D:1: 769 daAuts
     D:2: 672 daAuts
 Ossuary: 455 daAuts
     D:5: 248 daAuts
  Temple: 54 daAuts
